 Dungeon Crawl Stone Soup version 0.31-a0-236-g9a0961fb85 (webtiles) character file.

Game seed: 9582595605999255992

1661 qw the Skirmisher (level 9, -12/55 HPs)
             Began as a Gargoyle Hexslinger on July 10, 2023.
             Mangled by a very large slime creature (57 damage)
             ... on level 7 of the Dungeon.
             The game lasted 00:02:05 (4811 turns).

qw the Skirmisher (Gargoyle Hexslinger)             Turns: 4811, Time: 00:02:05

Health: -12/55     AC: 11    Str: 12    XL:     9   Next: 0%
Magic:  10/10      EV: 14    Int: 14    God:
Gold:   112        SH:  0    Dex: 22    Spells: 9/10 levels left

rFire   . . .        Y - +0 orcbow
rCold   . . .        (shield currently unavailable)
rNeg    + + .        t - +1 robe of the True Pharaoh {SInv}
rPois   inf          i - +1 helmet
rElec   +            (no cloak)
rCorr   .            (no gloves)
SInv    +            (no boots)
Will    .....        r - amulet of faith
Stlth   ++           d - +6 ring of dexterity
HPRegen 0.29/turn    n - ring of positive energy
MPRegen 0.12/turn

%: faith
@: no status effects
A: sickness immunity, AC +6, negative energy resistance 1, electricity
resistance, torment resistance 1, petrification resistance
a: no special abilities


You were on level 7 of the Dungeon.
You visited 2 branches of the dungeon, and saw 8 of its levels.

You collected 314 gold pieces.
You spent 202 gold pieces at shops.


Innate Abilities, Weirdness & Mutations

You are immune to sickness and miasma.
Your stone body is resilient. (AC +6)
You are immune to poison.
You resist negative energy. (rN+)
You are resistant to electric shocks. (rElec)
You are resistant to unholy torment.
You are immune to petrification.


   Skills:
 + Level 5.9 Fighting
 - Level 9.1 Ranged Weapons
 - Level 2.0 Armour
 - Level 3.0 Dodging
 - Level 1.0 Spellcasting
 - Level 2.6 Hexes


You had 9 spell levels left.
You knew the following spells:

 Your Spells              Type           Power      Damage    Failure   Level
a - Slow                  Hex            32%        N/A       9%          1

Your spell library contained the following spells:

 Spells                   Type           Power      Damage    Failure   Level
 Inner Flame              Hex/Fire       4%         N/A       41%         3
 Portal Projectile        Hex/Tloc       8%         N/A       41%         3
 Cause Fear               Hex            4%         N/A       65%         4

Inventory:

Hand Weapons
 Y - a +0 orcbow (weapon)
Armour
 e - a +0 ring mail
 i - a +1 helmet (worn)
 t - the +1 robe of the True Pharaoh (worn) {SInv}
   (You bought it in a shop on level 6 of the Dungeon)

   SInv:      It lets you see invisible.
Jewellery
 d - a +6 ring of dexterity (left hand)
 n - a ring of positive energy (right hand)
 r - an amulet of faith (around neck)
Scrolls
 a - a scroll of identify
Potions
 b - a potion of invisibility {unknown}
 c - a potion of resistance {unknown}
 f - a potion of mutation {unknown}
 g - 2 potions of might
 h - 2 potions of enlightenment
 k - a potion of attraction {unknown}
 l - a potion of berserk rage {unknown}
 m - a potion of lignification {unknown}
 p - a potion of ambrosia {unknown}
 q - a potion of haste {unknown}
 s - a potion of brilliance {unknown}

Dungeon Overview and Level Annotations

Branches:
Dungeon (7/15)             Temple (1/1) D:7

Altars:
Ashenzari
Cheibriados
Dithmenos
Elyvilon
Fedhas
Hepliaklqana
Kikubaaqudgha
Nemelex Xobeh
Qazlal
Ru
Uskayaw
Vehumet
Wu Jian
Yredelemnul
Zin
The Shining One

Shops:
D:5 :   D:6 [

Annotations:
D:7 3 runed translucent doors, qw's ghost, novice GrFi


Message History

You shoot an arrow. The arrow hits the slime creature!
The slime creature is almost dead.
The slime creature misses you.
Two slime creatures merge to form a large slime creature.
You shoot an arrow.
The arrow barely misses the large slime creature.
The arrow hits the orc priest.
The orc priest is moderately wounded.
The orc priest casts a cantrip, but nothing happens.
A slime creature comes into view.
You shoot an arrow. The slime creature quivers.
The arrow hits the large slime creature!
The large slime creature is heavily wounded.
Two slime creatures merge to form a very large slime creature.
A scorpion comes into view.
You shoot an arrow.
The arrow hits the very large slime creature!
The very large slime creature is heavily wounded.
A slime creature comes into view.
You shoot an arrow.
The arrow hits the very large slime creature!
The very large slime creature is heavily wounded.
A slime creature merges with something you can't see.
You shoot an arrow.
The arrow hits the very large slime creature.
The very large slime creature is heavily wounded.
The very large slime creature completely misses you.
An ice beast comes into view.
You shoot an arrow.
The arrow hits the very large slime creature.
The very large slime creature is heavily wounded.
The very large slime creature hits you.
A slime creature merges with something you can't see.
You shoot an arrow.
The arrow hits the very large slime creature.
The very large slime creature is heavily wounded.
The very large slime creature hits you!!!
Ouch! That really hurt!
You die...

.## .Y..#
....oo#######
.)..sDJ@....#
#########.#......
#.# ##### #.# #.#
#.# #.# #.#
####<#


You could see a very large slime creature, a steam dragon, an ice beast, a
scorpion, an orc priest and an orc.

Vanquished Creatures
  A steam dragon (D:6)
  Menkaure (D:5)
  An ice beast (D:4)
  A black bear (D:5)
  A centaur (D:6)
  A phantom (D:4)
  2 scorpions
  5 wights (D:5)
  A hound (D:6)
  3 orc priests
  2 gnoll boudas
  A sleepcap (D:6)
  An iguana (D:6)
  6 orc wizards
  14 gnolls
  6 adders
  A white imp (D:5)
  2 ufetubi
  3 worms
  A dart slug (D:3)
  11 orcs
  7 ball pythons
  7 bats
  3 endoplasms
  3 giant cockroaches
  14 hobgoblins
  6 jackals
  3 quokkas
  3 frilled lizards
  10 goblins
  12 kobolds
  2 rats (D:2)
135 creatures vanquished.

Notes
Turn   | Place    | Note
-------+----------+-------------------------------------------
     0 | D:1      | qw the Gargoyle Hexslinger began the quest for the Orb.
     0 | D:1      | Reached XP level 1. HP: 12/12 MP: 2/2
     0 | D:1      | 0 ||| qw: Version: 0.3-a-52-g30416fa
     0 | D:1      | 0 ||| qw: Game counter: 4568
     0 | D:1      | 0 ||| qw: Melee chars always use a shield: true
     0 | D:1      | 0 ||| qw: God list: Okawaru
     0 | D:1      | 0 ||| qw: Allow faded altars: false
     0 | D:1      | 0 ||| qw: Do Orc after clearing Dungeon:15 true
     0 | D:1      | 0 ||| qw: Do second Lair branch before Depths: true
     0 | D:1      | 0 ||| qw: Lair rune preference: random
     0 | D:1      | 0 ||| qw: Goals: Normal
     0 | D:1      | 0 ||| PLANNING D:1-11
    61 | D:1      | Reached XP level 2. HP: 10/16 MP: 3/3
   137 | D:1      | Found a faded altar of an unknown god.
   207 | D:1      | Reached skill level 3 in Ranged Weapons
   358 | D:1      | Reached XP level 3. HP: 21/21 MP: 4/4
   591 | D:1      | 591 ||| UPGRADING to +0 ring mail.
   601 | D:1      | 601 ||| DROPPING +0 robe.
   602 | D:1      | 602 ||| UPGRADING to +6 ring of dexterity.
   603 | D:1      | 603 ||| READING 2 scrolls labelled MOYQUG DUSA XYSUNO.
   604 | D:1      | 604 ||| READING scroll labelled GELYNAAWAL.
   605 | D:1      | 605 ||| DROPPING scroll of immolation.
   606 | D:1      | 606 ||| DROPPING scroll of poison.
   752 | D:2      | Reached XP level 4. HP: 26/26 MP: 5/5
   801 | D:2      | Reached skill level 4 in Ranged Weapons
   997 | D:2      | Reached skill level 1 in Armour
  1050 | D:2      | Reached XP level 5. HP: 30/30 MP: 6/6
  1064 | D:2      | Found a white marble altar of Elyvilon.
  1413 | D:2      | 1413 ||| UPGRADING to +0 helmet.
  1418 | D:2      | 1418 ||| UPGRADING to amulet of guardian spirit.
  1423 | D:2      | 1423 ||| READING scroll labelled UCKUOCH ENYURO.
  1424 | D:2      | 1424 ||| DRINKING 2 orange potions.
  1540 | D:3      | Found a broken altar of Ashenzari.
  1567 | D:3      | Reached skill level 5 in Ranged Weapons
  1574 | D:3      | 1574 ||| FLEEEEING.
  2377 | D:3      | 2377 ||| READING scroll labelled OFRIBRAHOC.
  2378 | D:3      | 2378 ||| DRINKING 2 viscous puce potions.
  2379 | D:3      | 2379 ||| DRINKING 2 inky potions.
  2380 | D:3      | 2380 ||| DROPPING potion of degeneration.
  2396 | D:4      | Reached skill level 3 in Fighting
  2396 | D:4      | Reached XP level 6. HP: 37/37 MP: 5/7
  2397 | D:4      | 2397 ||| STAIRDANCE
  2527 | D:4      | Found a shadowy altar of Dithmenos.
  2617 | D:4      | Noticed an ice beast
  2628 | D:4      | Killed an ice beast
  2629 | D:4      | Reached skill level 6 in Ranged Weapons
  2993 | D:4      | Reached XP level 7. HP: 41/43 MP: 5/8
  3115 | D:4      | 3115 ||| UPGRADING to ring of positive energy.
  3116 | D:4      | 3116 ||| READING scroll labelled GEN BEYJAT QUI.
  3121 | D:4      | 3121 ||| READING scroll labelled WORIAM BIRAKH.
  3197 | D:5      | Entered Level 5 of the Dungeon
  3241 | D:5      | 3241 ||| READING scroll of enchant weapon.
  3241 | D:5      | 3241 ||| ENCHANTING +2 sling of draining.
  3252 | D:5      | Found Wuhyelot's Book Shop.
  3295 | D:5      | Reached skill level 7 in Ranged Weapons
  3307 | D:5      | HP: 10/43 [wight/+3 halberd (9)]
  3535 | D:5      | Reached XP level 8. HP: 43/48 MP: 9/9
  3577 | D:5      | Reached skill level 8 in Ranged Weapons
  3676 | D:5      | Noticed Menkaure
  3681 | D:5      | Killed Menkaure
  3832 | D:5      | 3832 ||| UPGRADING to amulet of faith.
  3842 | D:5      | 3842 ||| DROPPING amulet of guardian spirit.
  3843 | D:5      | 3843 ||| READING scroll labelled OCOQ SIGOPHECU.
  3844 | D:5      | 3844 ||| READING 2 scrolls labelled KAT COEROSCHEMP.
  3845 | D:5      | 3845 ||| READING scroll labelled SUOVOE ERPHOCWIKUQ.
  3846 | D:5      | 3846 ||| READING scroll labelled DOQUFIUNNEA.
  3847 | D:5      | 3847 ||| DROPPING scroll of vulnerability.
  3873 | D:6      | 3873 ||| FLEEEEING.
  3876 | D:6      | 3876 ||| FLEEEEING.
  3877 | D:6      | 3877 ||| FLEEEEING.
  3878 | D:6      | 3878 ||| STAIRDANCE
  4033 | D:6      | 4033 ||| Stepping ~*~*~tactically~*~*~ (cloud).
  4157 | D:6      | Reached skill level 9 in Ranged Weapons
  4177 | D:6      | 4177 ||| READING scroll of enchant armour.
  4177 | D:6      | 4177 ||| ENCHANTING +0 helmet.
  4363 | D:6      | 4363 ||| SWAPPING to +0 orcbow.
  4364 | D:6      | 4364 ||| DROPPING +3 sling of draining.
  4365 | D:6      | Found Hoilesi's Armour Shop.
  4394 | D:6      | 4394 ||| BUYING +1 robe of the True Pharaoh {SInv} (202
                  | gold).
  4394 | D:6      | Bought the +1 robe of the True Pharaoh {SInv} for 202 gold
                  | pieces
  4402 | D:6      | Found a radiant altar of Vehumet.
  4536 | D:6      | 4536 ||| UPGRADING to +1 robe of the True Pharaoh {SInv}.
  4546 | D:6      | 4546 ||| READING scroll labelled JAORGH QIFO.
  4547 | D:6      | 4547 ||| DRINKING 3 sapphire potions.
  4577 | D:7      | Found a staircase to the Ecumenical Temple.
  4578 | D:7      | 4578 ||| PLANNING TEMPLE
  4579 | D:7      | 4579 ||| Stepping ~*~*~tactically~*~*~ (outnumbered).
  4589 | D:7      | 4589 ||| DRINKING potion of curing.
  4589 | D:7      | 4589 ||| (to cure confusion)
  4610 | D:7      | Reached XP level 9. HP: 49/55 MP: 10/10
  4662 | Temple   | Entered the Ecumenical Temple
  4693 | Temple   | 4693 ||| PLANNING D:1-11
  4710 | D:7      | Found a runed translucent gate.
  4710 | D:7      | Found a runed translucent gate.
  4710 | D:7      | Found a runed translucent gate.
  4713 | D:7      | Noticed qw's ghost (novice GrFi)
  4715 | D:7      | Identified the +0 chain mail "Erunabil" {rN+ rCorr Dex+2}
  4782 | D:7      | Reached skill level 3 in Dodging
  4811 | D:7      | Mangled by a very large slime creature

Levels and vault maps discovered:
D:1:      spicycebolla_arrival_clurvy, layout_basic,
          shapermc_ecumenical_altar_rom_forum, minmay_misc_feat_diagonals
D:2:      layout_basic, basic_altar
D:3:      layout_basic, lemuel_doored_altar, st_stairs_2
D:4:      minmay_general_purpose_star, layout_rooms,
          mainiacjoe_overflow_cross_hatched
D:5:      layout_cave_pools, serial_shops, shop, uniq_menkaure
D:6:      layout_rooms, nicolae_vehumet_altar_sigil, serial_shops, shop
D:7:      layout_loops_ring, mainiacjoe_overflow_concentric_impassable,
          mainiacjoe_overflow_two_lobes, minmay_temple_entry_stoned_glass,
          biasface_ghost_orc_armoury
Temple:   nicolae_temple_ecumenical_triangle

Skill      XL: |  1  2  3  4  5  6  7  8  9 |
---------------+----------------------------+-----
Ranged Weapons | 3 4 5 6 7 9 |  9.1
Fighting       | 2 3 4 5 |  5.9
Armour         | 1 2 |  2.0
Dodging        | 2 3 |  3.0
Spellcasting   | |  1.0
Hexes          | |  2.6

Action                     |  1- 3 |  4- 6 |  7- 9 || total
---------------------------+-------+-------+-------++-------
   Fire: Sling             |    65 |   181 |   131 ||   377
         Orcbow            |       |       |    56 ||    56
    Use: Scroll            |     2 |     2 |     9 ||    13
         Potion            |       |     3 |     2 ||     5
 Armour: Robe              |     4 |       |    18 ||    22
         Ring mail         |     5 |    48 |    24 ||    77
  Dodge: Dodged            |    16 |    53 |    67 ||   136

Table legend:
 A = Non-vault XP
 B = Vault XP
 C = Vault XP percentage of total XP
 D = Non-vault monster count
 E = Vault monster count
 F = Vault count percentage of total count
                 A         B        C        D         E       F
            +---------+---------+-------+---------+---------+-------
      Total |    2203 |     170 |   7.2 |     131 |       4 |   3.0
            +---------+---------+-------+---------+---------+-------
        D:1 |      41 |       0 |   0.0 |      23 |       0 |   0.0
        D:2 |     149 |       0 |   0.0 |      31 |       0 |   0.0
        D:3 |     146 |       3 |   2.0 |      24 |       2 |   7.7
        D:4 |     367 |       2 |   0.5 |      15 |       1 |   6.2
        D:5 |     603 |     165 |  21.5 |      11 |       1 |   8.3
        D:6 |     726 |       0 |   0.0 |      19 |       0 |   0.0
        D:7 |     171 |       0 |   0.0 |       8 |       0 |   0.0
            +---------+---------+-------+---------+---------+-------
